 Dungeon Crawl Stone Soup version 0.22.1-1-ga44c0e56f4 (webtiles) character file.

45 Kaderl the Ruffian (level 3, -2/30 HPs)
             Began as a Ghoul Warper on Sept 30, 2018.
             Slain by a kobold
             ... wielding a +1 dagger of electrocution
              (14 damage)
             ... on level 2 of the Dungeon.
             The game lasted 00:04:22 (618 turns).

Kaderl the Ruffian (Ghoul Warper)                    Turns: 618, Time: 00:04:23

Health: -2/30      AC:  3    Str: 15    XL:     3   Next: 64%
Magic:  5/5        EV: 12    Int:  8    God:
Gold:   48         SH:  0    Dex:  8    Spells: 6/6 levels left

rFire    . . .     SeeInvis .     - Unarmed
rCold    + . .     Gourm    .   (no shield)
rNeg     + + +     Faith    .   a - +0 leather armour
rPois    ∞         Spirit   .   (no helmet)
rElec    .         Reflect  .   (no cloak)
rCorr    .         Harm     .   (no gloves)
MR       .....                  (no boots)
Stlth    +.........             (no amulet)
HPRegen  0.00/turn              (no ring)
MPRegen  0.09/turn              (no ring)

@: rotting
A: rotting body, claws 1, carnivore, cold resistance 1, negative energy
resistance 3, inhibited regeneration, torment resistance, unbreathing
a: no special abilities


You were on level 2 of the Dungeon.
You were not hungry.

You visited 1 branch of the dungeon, and saw 2 of its levels.

You collected 48 gold pieces.

Inventory:

Missiles
 d - 5 tomahawks of dispersal
 e - 49 stones (quivered)
Armour
 a - a +0 leather armour (worn)
 i - a +0 pair of gloves
Jewellery
 b - an uncursed ring of wizardry {unknown}
Scrolls
 c - a scroll of blinking
 j - a scroll of remove curse {unknown}
 l - 2 scrolls of identify {unknown}
 m - a scroll of noise {unknown}
Potions
 g - 3 potions of might {unknown}
 k - a potion of ambrosia {unknown}
Comestibles
 f - 5 rations
 h - 11 chunks of flesh


   Skills:
 + Level 2.8 Fighting
 + Level 0.8 Throwing
 + Level 1.2 Armour
 + Level 2.1 Dodging
 + Level 2.9 Unarmed Combat
 + Level 2.2 Spellcasting
   Level 2.6 Translocations


You had 6 spell levels left.
You didn't know any spells.
Your spell library contained the following spells:

 Spells                   Type           Power        Failure   Level  Hunger
 Blink                    Tloc           N/A          22%         2    ###....
 Shroud of Golubria       Chrm/Tloc      #.........   36%         2    ###....
 Gell's Gravitas          Tloc           #.........   41%         3    ####...
 Lesser Beckoning         Tloc           #.........   41%         3    ####...
 Teleport Other           Tloc           #.......     41%         3    ####...
 Passage of Golubria      Tloc           N/A          82%         4    #####..


Dungeon Overview and Level Annotations

Branches:
Dungeon (2/15)

Altars:


Innate Abilities, Weirdness & Mutations

Your body is rotting away.
You thrive on raw meat.
You are immune to poison.
You have sharp fingernails.
You are carnivorous and can eat meat at any time.
Your flesh is cold resistant. (rC+)
You are immune to negative energy. (rN+++)
You do not regenerate when monsters are visible.
You are immune to unholy pain and torment.
You can survive without breathing.


Message History

You butcher the adder corpse.
h - 15 chunks of flesh (gained 2) Some of the chunks of flesh in your inventory have rotted away.
Eat one of 12 chunks of flesh? (ye/n/q)
You eat one of the 12 chunks of flesh.
This raw flesh tastes great!
A kobold comes into view.
It is wielding a dagger of electrocution.
The kobold shouts!
You see here a mace.
The kobold closely misses you.
Your leather armour prevents you from hitting the kobold.
The kobold hits you but does no damage.
You are electrocuted!
Ouch! That really hurt!
You barely miss the kobold.
The kobold hits you with a dagger of electrocution.
You miss the kobold. The kobold barely misses you.
You closely miss the kobold. The kobold completely misses you.
You scratch the kobold.
The kobold is severely wounded.
The kobold hits you but does no damage.
You are electrocuted!
You die...

#. #. #. .## ..# #.#
.# #K# .######
#@####.......
#.##.........
#.####)#..#..#..#
#....<...###...###
######....#..#..#.
#............
####.####............
.......<........##...
.###.####....#..#


You could see a kobold.

Vanquished Creatures
  An adder (D:2)
  3 dart slugs (D:1)
  2 leopard geckos (D:1)
  2 goblins (D:1)
  2 hobgoblins (D:1)
  3 jackals (D:1)
  5 kobolds (D:1)
  4 bats (D:1)
  A frilled lizard (D:2)
  7 rats (D:1)
30 creatures vanquished.

Notes
Turn   | Place    | Note
-------+----------+-------------------------------------------
     0 | D:1      | Kaderl the Ghoul Warper began the quest for the Orb.
     0 | D:1      | Reached XP level 1. HP: 17/17 MP: 2/2
   170 | D:1      | Reached XP level 2. HP: 25/25 MP: 4/4
   251 | D:1      | Reached skill level 1 in Armour
   364 | D:1      | Reached XP level 3. HP: 30/30 MP: 5/5
   618 | D:2      | Slain by a kobold

Skill      XL: |  1  2 |
---------------+-------+-----
Spellcasting   | 2 |  2.2
Armour         | 1 |  1.2
Dodging        | 2 |  2.1
Fighting       | |  2.8
Throwing       | |  0.8
Unarmed Combat | |  2.9
Translocations | |  2.6

Action                   || total
-------------------------++-------
Melee: Unarmed           ||    82
Throw: Stone             ||    10
  Eat: Chunk             ||    13
Armor: Leather armour    ||    20
Dodge: Dodged            ||    44
